 Dungeon Crawl Stone Soup version 0.27-a0-684-g359e429f13 (webtiles) character file.

Game seed: 8960063291809312875

24 Aggronaut the Ruffian (level 2, 0/23 HPs)
             Began as a Draconian Transmuter on Mar 20, 2021.
             Slain by a kobold
             ... wielding a +0 short sword
              (9 damage)
             ... on level 1 of the Dungeon.
             The game lasted 00:01:07 (686 turns).

Aggronaut the Ruffian (Draconian Transmuter)         Turns: 686, Time: 00:01:08

Health: 0/23       AC:  4    Str: 12    XL:     2   Next: 79%
Magic:  5/5        EV: 12    Int: 13    God:
Gold:   21         SH:  0    Dex: 11    Spells: 4/5 levels left

rFire    . . .     SeeInvis .     - Unarmed
rCold    . . .     Faith    .   (no shield)
rNeg     . . .     Spirit   .   (armour unavailable)
rPois    .         Reflect  .   (helmet restricted)
rElec    .         Harm     .   (no cloak)
rCorr    .         Rampage  .   (no gloves)
Will     .....                  (no boots)
Stlth    +.........             (no amulet)
HPRegen  0.07/turn              (no ring)
MPRegen  0.09/turn              (no ring)

@: no status effects
A: AC +4, unfitting armour, cold-blooded
a: no special abilities


You were on level 1 of the Dungeon.
You visited 1 branch of the dungeon, and saw 1 of its levels.

You collected 21 gold pieces.

Inventory:

Jewellery
 b - a ring of resist corrosion
Potions
 a - 2 potions of curing {unknown}


   Skills:
 - Level 1.1 Fighting
 - Level 1.7 Dodging
 + Level 3.3 Unarmed Combat
 - Level 2.0 Spellcasting
 * Level 3.0 Transmutations


You had 4 spell levels left.
You knew the following spells:

 Your Spells              Type           Power      Damage    Failure   Level
a - Beastly Appendage     Tmut           18%        N/A       8%          1

Your spell library contained the following spells:

 Spells                   Type           Power      Damage    Failure   Level
 Wereblood                Tmut           9%         N/A       11%         2
 Spider Form              Tmut/Pois      2%         N/A       38%         3
 Ice Form                 Ice/Tmut       5%         N/A       80%         4
 Blade Hands              Tmut           4%         N/A       90%         5


Dungeon Overview and Level Annotations

Branches:
Dungeon (1/15)

Altars:


Innate Abilities, Weirdness & Mutations

Your plain brown scales are hard. (AC +4)
You cannot fit into any form of body armour.
You are cold-blooded and may be slowed by cold attacks.


Message History

a - 2 sedimented red potions (gained 1)
A giant cockroach comes into view.
A giant cockroach is nearby!
A kobold comes into view. It is wielding a +0 short sword.
The kobold shouts!
The giant cockroach misses you. The giant cockroach misses you.
The giant cockroach barely misses you.
You hit the giant cockroach but do no damage.
The kobold throws a stone.
The stone hits you.
The giant cockroach bites you but does no damage.
You barely miss the giant cockroach. The giant cockroach misses you.
You hit the giant cockroach but do no damage.
The giant cockroach bites you.
The kobold throws a stone.
The stone hits you.
You hit the giant cockroach.
The giant cockroach is moderately wounded.
The giant cockroach bites you but does no damage.
You barely miss the giant cockroach.
You tail-slap the giant cockroach, but do no damage.
The giant cockroach is moderately wounded.
The giant cockroach bites you but does no damage.
The kobold hits you but does no damage.
You hit the giant cockroach.
The giant cockroach is severely wounded.
The giant cockroach barely misses you. The giant cockroach misses you.
You hit the giant cockroach.
You kill the giant cockroach!
The kobold hits you with a +0 short sword!
The kobold hits you but does no damage.
You see here a giant cockroach corpse.
The kobold hits you with a +0 short sword.
You closely miss the kobold.
You tail-slap the kobold, but do no damage.
You barely miss the kobold. The kobold barely misses you.
You hit the kobold.
The kobold is moderately wounded.
The kobold closely misses you.
You barely miss the kobold.
The kobold is moderately wounded.
The kobold hits you with a +0 short sword!
You die...

###.#.#####
#.....# #.
#.#.### #.
#.#.# #
####.##.#.#
###
.....#....#
..##
####.....###
...#
.........#
...##
###.#..@#
#...#
#.#.†K#
#...# #
#...# #...#
#.#.# #...#
#.#... ...##
#.####.#
...# #.# #
..## #.. ###
###


You could see a kobold.

Vanquished Creatures
  3 dart slugs (D:1)
  2 giant cockroaches (D:1)
  A goblin (D:1)
  A hobgoblin (D:1)
  2 jackals (D:1)
  A ball python (D:1)
  4 bats (D:1)
  A kobold (D:1)
  3 rats (D:1)
18 creatures vanquished.

Notes
Turn   | Place    | Note
-------+----------+-------------------------------------------
     0 | D:1      | Aggronaut the Draconian Transmuter began the quest for the
                  | Orb.
     0 | D:1      | Reached XP level 1. HP: 16/16 MP: 3/3
   237 | D:1      | Reached XP level 2. HP: 22/23 MP: 5/5
   686 | D:1      | Slain by a kobold

Illustrated notes

Levels and vault maps discovered:
D:1:      dpeg_arrival_oval, layout_basic, minmay_close_crescents

Skill      XL: |  1  2 |
---------------+-------+-----
Transmutations | 3 |  3.0
Fighting       | |  1.1
Dodging        | |  1.7
Unarmed Combat | |  3.3
Spellcasting   | |  2.0

Action                   || total
-------------------------++-------
Melee: Unarmed           ||    75
       Tailslap          ||     5
Armor: Skin              ||    35
Dodge: Dodged            ||    64

Table legend: (Time is in decaauts)
 A = Elapsed time spent in this place.
 B = Non-inter-level travel time spent in this place.
 C = Inter-level travel time spent in this place.
 D = Time resting spent in this place.
 E = Time spent auto-exploring this place.
 F = Levels seen in this place.
 G = Mean time per level.
                   A        B        C        D        E       F      G
               +--------+--------+--------+--------+--------+-----+--------+
         Total |    681 |    681 |      0 |    256 |    271 |   1 |  681.0 |
       Dungeon |    681 |    681 |      0 |    256 |    271 |   1 |  681.0 |
               +--------+--------+--------+--------+--------+-----+--------+

Top non-repeatable levels by time:
     D:1: 681 daAuts
